 Dungeon Sprint DCSS version 0.16-a0-3472-g5ce0ac0 (webtiles) character file.

21202 BluebellGnoll the Sorcerer (level 12, 0/59 HPs)
             Began as a Deep Elf Fire Elementalist on Jan 3, 2015.
             Was the Champion of Vehumet.
             Slain by Mennas
             ... wielding a +3 eudemon blade of holy wrath
              (31 damage)
             ... in the Dungeon (Sprint IX: "|||||||||||||||||||||||||||||").
             The game lasted 00:34:59 (2431 turns).

BluebellGnoll the Sorcerer (DEFE)                   Turns: 2431, Time: 00:35:00

Health: 0/59       AC:  7    Str:  5    XL:     12   Next: 52%
Magic:  16/40      EV: 22    Int: 26    God:    Vehumet [******]
Gold:   378        SH:  0    Dex: 15    Spells: 13 memorised, 3 levels left

rFire  . . .     SeeInvis .     n - staff of energy
rCold  + + .     Clarity  .     H - +0 robe {rC+ rF+}
rNeg   . . .     SustAb   .     (no shield)
rPois  .         Gourm    .     k - +0 helmet
rElec  .         Spirit   .     q - +0 cloak
rCorr  .         Warding  .     C - +0 pair of gloves
rMut   .         NoTele   +     y - +1 pair of boots
MR     ++...                    (no amulet)
Stlth  +++.......               R - ring of ice
                                O - ring of protection from magic

@: very slightly contaminated, hasted, glowing, very quick, very resistant to
hostile enchantments, fairly stealthy
A: no striking features
a: Renounce Religion


You were in the Dungeon.
You worshipped Vehumet.
Vehumet was exalted by your worship.
You were not hungry.

You visited 1 branch You collected 1926 gold pieces.
You spent 1548 gold pieces at shops.

Inventory:

Hand weapons
 o - a +2 rapier of venom
 p - a +2 scimitar of holy wrath
 t - a +0 shortbow
 S - a +3 quick blade
 T - the +8 bow of Krishna "Sharnga" {speed, Dex+3 SInv}
   (You found it in the Dungeon)

   Attacks with this weapon are significantly faster.
   It affects your dexterity (+3).
   It enhances your eyesight.
Missiles
 u - 42 arrows
 N - 6 javelins of penetration (quivered)
 W - 18 arrows of flame
Armour
 k - a +0 helmet (worn)
 q - a +0 cloak (worn)
 y - a +1 pair of boots (worn)
 C - a +0 pair of gloves (worn)
 D - a +1 robe of magic resistance
 E - a +2 ring mail of poison resistance
 H - a +0 robe of resistance (worn)
 J - a +3 ring mail of fire resistance
 L - a +0 ring mail of positive energy
 V - a +0 swamp dragon armour
Magical staves
 n - an uncursed staff of energy (weapon)
Jewellery
 j - a +3 ring of strength
 r - a +2 ring of protection
 O - a ring of protection from magic (left hand)
 P - an uncursed ring of stealth
 Q - an uncursed ring of protection from fire
 R - a ring of ice (right hand)
Magical devices
 m - a wand of cold (10)
Scrolls
 h - 4 scrolls of remove curse
 i - 5 scrolls of blinking
 l - 2 scrolls of amnesia
 z - 4 scrolls of enchant armour
 U - 4 scrolls of fear
Potions
 d - 2 potions of invisibility
 e - 8 potions of heal wounds
 f - 5 potions of curing
 g - 2 potions of magic
 v - 5 potions of brilliance
 w - a potion of agility
 x - a potion of cure mutation
 F - 2 potions of berserk rage
 G - a potion of haste
 I - 3 potions of might
 K - a potion of resistance
 M - a potion of experience {unknown}
Books
 b - a book of Flames

   Spells                             Type                      Level
   a - Flame Tongue                   Conjuration/Fire             1
   b - Throw Flame                    Conjuration/Fire             2
   c - Conjure Flame                  Conjuration/Fire             3
   d - Inner Flame                    Hexes/Fire                   3
   e - Sticky Flame                   Conjuration/Fire             4
   f - Fireball                       Conjuration/Fire             5
Comestibles
 c - 13 bread rations
 s - 6 chunks of flesh
 A - 40 fruits
 B - 12 meat rations


   Skills:
 * Level 8.5 Throwing
 * Level 15.1 Dodging
 * Level 13.8 Stealth
 - Level 22.5 Spellcasting
 - Level 14.0 Conjurations
 - Level 12.8 Fire Magic
 - Level 9.5 Air Magic


You had 3 spell levels left.
You knew the following spells:

 Your Spells              Type           Power        Failure   Level  Hunger
a - Flame Tongue          Conj/Fire      #####        0%          1    None
b - Throw Flame           Conj/Fire      #####.       0%          2    None
c - Conjure Flame         Conj/Fire      #####...     0%          3    None
d - Inner Flame           Hex/Fire       ####....     1%          3    None
e - Sticky Flame          Conj/Fire      #####...     1%          4    None
f - Fireball              Conj/Fire      #####.....   1%          5    None
g - Lightning Bolt        Conj/Air       ######....   1%          5    None
h - Dazzling Spray        Conj/Hex       ######..     1%          3    None
i - Iskenderun's Mystic   Conj           #######.     1%          4    None
j - Iskenderun's Battles  Conj/Chrm      ######..     1%          5    None
k - Poisonous Cloud       Conj/Pois/Air  ######....   2%          6    None
l - Freezing Cloud        Conj/Ice/Air   #######...   2%          6    None
m - Iron Shot             Conj/Erth      ######....   3%          6    None


Dungeon Overview and Level Annotations

Branches:
Dungeon (1/1)

Altars:
Cheibriados
Dithmenos
Elyvilon
Fedhas
Gozag
Kikubaaqudgha
Makhleb
Nemelex Xobeh
Okawaru
Qazlal
Ru
Sif Muna
Trog
Vehumet
Xom
Yredelemnul
Zin
The Shining One
Beogh
Jiyva
Lugonu

Shops:
D ![*[

Annotations:
D Mennas


Message History

Casting: Sticky Flame
Confirm with . or Enter, or press ? or * to list all spells.
Aiming: Lightning Bolt
Press: ? - help, Shift-Dir - straight line, f/p - Mennas
Aim: Mennas, wielding an eudemon blade of holy wrath and wearing a runed large shield (flame, moderately wounded, covered in liquid flames, haloed)
You hear a mighty clap of thunder!
The bolt of lightning misses Mennas.
Mennas is engulfed in roaring flames.
Mennas misses you.
Mennas hits you with an eudemon blade of holy wrath!
Unknown command.
Casting: Lightning Bolt
Confirm with . or Enter, or press ? or * to list all spells.
Aiming: Iron Shot
Press: ? - help, Shift-Dir - straight line, f/p - Mennas
Aim: Mennas, wielding an eudemon blade of holy wrath and wearing a runed large shield (flame, moderately wounded, covered in liquid flames, haloed) Mennas blocks the iron shot.
Mennas burns!
Mennas is engulfed in roaring flames.
Mennas hits you with an eudemon blade of holy wrath!!
Ouch! That really hurt!
You die...

..÷....'...........('..[.[[..'...
▓▓▓▓▓▓▓▓▓▓▓▓▓▓▓▓▓▓▓▓▓▓▓▓▓▓▓▓▓▓▓▓▓
.................................
▓▓▓▓▓▓▓▓▓▓▓▓▓▓▓▓▓▓▓▓▓▓▓▓▓▓▓▓▓▓▓▓▓
)....)').)))∩.∩.∩.∩.....'........
▓▓▓▓▓▓▓▓▓▓▓▓▓▓▓▓▓▓▓▓▓▓▓▓▓▓▓▓▓▓▓▓▓
....)............................
▓▓▓▓▓▓▓▓▓▓▓▓▓▓▓▓▓▓▓▓▓▓▓▓▓▓▓▓▓▓▓▓▓
)..%...)')..().(@A.....§§§§§§§§§.
▓▓▓▓▓▓▓▓▓▓▓▓▓▓▓▓▓▓▓▓▓▓▓▓▓▓▓▓▓▓▓▓▓
§§§§§§...[......A....
▓▓▓▓▓▓▓▓▓▓▓▓▓▓▓▓▓▓▓▓▓


You could see Mennas (burning).

Vanquished Creatures
  A stone giant (D)
  A dire elephant (D)
  A hydra (D)
  A centaur warrior (D)
  6 ogre magi (D)
  A death yak (D)
  Urug (D)
  A deep elf knight (D)
  A hill giant (D)
  A deep elf conjurer (D)
  3 ugly things (D)
  2 orc knights (D)
  A manticore (D)
  7 elephants (D)
  Maurice (D)
  Joseph (D)
  A black mamba (D)
  A komodo dragon (D)
  A yaktaur (D)
  A troll (D)
  2 blink frogs (D)
  A slime creature (D)
  8 two-headed ogres (D)
  A shadow (D)
  2 yaks (D)
  2 ice beasts (D)
  12 orc warriors (D)
  A wasp (D)
  A water moccasin (D)
  2 ogres (D)
  2 centaurs (D)
  2 crocodiles (D)
  2 giant frogs (D)
  A killer bee (D)
  A jelly (D)
  An orc priest (D)
  A worker ant (D)
  4 orc wizards (D)
  4 adders (D)
  2 river rats (D)
  7 orcs (D)
  A ball python (D)
  A bat (D)
  A bat zombie (D)
  A giant cockroach (D)
  2 hobgoblins (D)
  A quokka (D)
  2 giant newts (D)
  A kobold (D)
  A rat (D)
104 creatures vanquished.

Notes
Turn   | Place    | Note
--------------------------------------------------------------
     0 | D        | BluebellGnoll, the Deep Elf Fire Elementalist, began the quest for the Orb.
     0 | D        | Reached XP level 1. HP: 10/10 MP: 5/5
     6 | D        | Reached skill level 4 in Spellcasting
    19 | D        | Reached skill level 5 in Spellcasting
   175 | D        | Noticed a worker ant
   180 | D        | Reached skill level 6 in Spellcasting
   180 | D        | Reached XP level 2. HP: 3/15 MP: 6/12
   185 | D        | Killed a worker ant
   185 | D        | Reached skill level 8 in Spellcasting
   185 | D        | Reached XP level 3. HP: 15/19 MP: 7/18
   196 | D        | Found a glowing silver altar of Zin.
   196 | D        | Found a glowing golden altar of the Shining One.
   196 | D        | Found an ancient bone altar of Kikubaaqudgha.
   196 | D        | Found a basalt altar of Yredelemnul.
   196 | D        | Found a shimmering altar of Xom.
   196 | D        | Found a radiant altar of Vehumet.
   196 | D        | Found an iron altar of Okawaru.
   197 | D        | Found a burning altar of Makhleb.
   198 | D        | Found a deep blue altar of Sif Muna.
   199 | D        | Found a bloodstained altar of Trog.
   200 | D        | Found a sparkling altar of Nemelex Xobeh.
   201 | D        | Found a white marble altar of Elyvilon.
   202 | D        | Found a roughly hewn altar of Beogh.
   203 | D        | Found a viscous altar of Jiyva.
   204 | D        | Found a corrupted altar of Lugonu.
   206 | D        | Became a worshipper of Vehumet
   208 | D        | Found a blossoming altar of Fedhas.
   209 | D        | Found a snail-covered altar of Cheibriados.
   210 | D        | Found a shadowy altar of Dithmenos.
   211 | D        | Found a stormy altar of Qazlal.
   212 | D        | Found an opulent altar of Gozag.
   213 | D        | Found a sacrificial altar of Ru.
   257 | D        | Learned a level 2 spell: Throw Flame
   261 | D        | Learned a level 3 spell: Conjure Flame
   265 | D        | Learned a level 3 spell: Inner Flame
   333 | D        | Noticed a centaur
   333 | D        | Noticed an ice beast
   333 | D        | Noticed a two-headed ogre
   333 | D        | Noticed a killer bee
   333 | D        | Noticed an orc warrior
   335 | D        | Killed a centaur
   335 | D        | Reached XP level 4. HP: 13/24 MP: 21/21
   350 | D        | Killed a two-headed ogre
   350 | D        | Acquired Vehumet's first power
   350 | D        | Offered knowledge of Sandblast by Vehumet.
   350 | D        | Reached skill level 11 in Fire Magic
   350 | D        | Reached XP level 5. HP: 16/28 MP: 17/23
   350 | D        | Reached XP level 6. HP: 18/32 MP: 18/25
   350 | D        | Killed a killer bee
   351 | D        | Killed an ice beast
   351 | D        | Reached skill level 12 in Fire Magic
   357 | D        | Killed an orc warrior
   357 | D        | Reached XP level 7. HP: 12/36 MP: 12/26
   367 | D        | Learned a level 4 spell: Sticky Flame
   373 | D        | Learned a level 5 spell: Fireball
   549 | D        | Noticed a brown ugly thing
   549 | D        | Noticed a centaur
   549 | D        | Noticed a manticore
   549 | D        | Noticed a jelly
   549 | D        | Noticed a troll
   549 | D        | Noticed a wasp
   553 | D        | Killed a brown ugly thing
   553 | D        | Offered knowledge of Searing Ray by Vehumet.
   554 | D        | Killed a centaur
   554 | D        | Reached XP level 8. HP: 7/41 MP: 16/31
   557 | D        | Killed a manticore
   557 | D        | Killed a jelly
   557 | D        | Acquired Vehumet's second power
   557 | D        | Reached skill level 13 in Spellcasting
   559 | D        | Killed a troll
   559 | D        | Reached skill level 14 in Spellcasting
   662 | D        | Killed a wasp
   662 | D        | Reached skill level 15 in Spellcasting
   697 | D        | Noticed Joseph
   820 | D        | Killed Joseph
   820 | D        | Offered knowledge of Dazzling Spray by Vehumet.
   820 | D        | Reached skill level 10 in Dodging
   820 | D        | Reached skill level 5 in Stealth
   820 | D        | Reached XP level 9. HP: 32/45 MP: 21/34
   832 | D        | Learned a level 3 spell: Dazzling Spray
   952 | D        | Noticed a crocodile
   952 | D        | Noticed a yak
   952 | D        | Noticed a yak
   952 | D        | Noticed a crocodile
   954 | D        | Offered knowledge of Iskenderun's Mystic Blast by Vehumet.
   957 | D        | Acquired Vehumet's third power
   957 | D        | Killed a crocodile
   963 | D        | Learned a level 4 spell: Iskenderun's Mystic Blast
   967 | D        | Killed a yak
   967 | D        | Offered knowledge of Lightning Bolt by Vehumet.
   968 | D        | Noticed a black mamba
   974 | D        | Learned a level 5 spell: Lightning Bolt
   982 | D        | Killed a crocodile
   985 | D        | Killed a yak
   985 | D        | Offered knowledge of Iskenderun's Battlesphere by Vehumet.
   989 | D        | Killed a black mamba
   996 | D        | Learned a level 5 spell: Iskenderun's Battlesphere
  1066 | D        | Noticed a giant frog
  1066 | D        | Noticed a giant frog
  1066 | D        | Noticed a four-headed hydra
  1066 | D        | Noticed a water moccasin
  1066 | D        | Noticed a blink frog
  1066 | D        | Noticed a blink frog
  1072 | D        | Killed a giant frog
  1076 | D        | Killed a giant frog
  1077 | D        | Killed a four-headed hydra
  1077 | D        | Reached skill level 17 in Spellcasting
  1085 | D        | Offered knowledge of Poison Arrow by Vehumet.
  1086 | D        | Noticed a komodo dragon
  1086 | D        | Killed a blink frog
  1086 | D        | Killed a water moccasin
  1086 | D        | Reached XP level 10. HP: 50/50 MP: 12/36
  1093 | D        | Killed a komodo dragon
  1093 | D        | Reached skill level 18 in Spellcasting
  1145 | D        | Killed a blink frog
  1193 | D        | Noticed an elephant
  1193 | D        | Noticed a dire elephant
  1193 | D        | Noticed an elephant
  1193 | D        | Noticed an elephant
  1193 | D        | Noticed an elephant
  1193 | D        | Noticed an elephant
  1193 | D        | Noticed an elephant
  1203 | D        | Killed a dire elephant
  1203 | D        | Reached skill level 19 in Spellcasting
  1205 | D        | Killed an elephant
  1205 | D        | Reached skill level 20 in Spellcasting
  1207 | D        | Killed an elephant
  1208 | D        | Killed an elephant
  1208 | D        | Reached skill level 21 in Spellcasting
  1208 | D        | Killed an elephant
  1211 | D        | Noticed an elephant
  1211 | D        | Killed an elephant
  1211 | D        | Killed an elephant
  1211 | D        | Reached skill level 22 in Spellcasting
  1224 | D        | Killed an elephant
  1456 | D        | Noticed an orc wizard
  1456 | D        | Noticed an orc warrior
  1456 | D        | Noticed an orc warrior
  1456 | D        | Noticed an orc wizard
  1456 | D        | Noticed an orc wizard
  1458 | D        | Killed an orc warrior
  1458 | D        | Offered knowledge of Poisonous Cloud by Vehumet.
  1459 | D        | Noticed an orc wizard
  1459 | D        | Killed an orc wizard
  1460 | D        | Noticed an orc warrior
  1461 | D        | Killed an orc warrior
  1461 | D        | Reached XP level 11. HP: 54/54 MP: 27/39
  1461 | D        | Killed an orc wizard
  1461 | D        | Killed an orc wizard
  1467 | D        | Killed an orc warrior
  1468 | D        | Killed an orc wizard
  1529 | D        | Learned a level 6 spell: Poisonous Cloud
  1529 | D        | Noticed an orc warrior
  1529 | D        | Noticed an orc warrior
  1529 | D        | Noticed an orc warrior
  1529 | D        | Noticed an orc priest
  1529 | D        | Noticed an orc warrior
  1529 | D        | Noticed an orc warrior
  1529 | D        | Noticed an orc warrior
  1531 | D        | Killed an orc priest
  1532 | D        | Killed an orc warrior
  1532 | D        | Reached skill level 1 in Air Magic
  1532 | D        | Killed an orc warrior
  1532 | D        | Killed an orc warrior
  1532 | D        | Offered knowledge of Irradiate by Vehumet.
  1533 | D        | Killed an orc warrior
  1536 | D        | Noticed an orc knight
  1538 | D        | Killed an orc warrior
  1538 | D        | Killed an orc warrior
  1539 | D        | Noticed an orc warrior
  1540 | D        | Noticed an orc knight
  1542 | D        | Killed an orc knight
  1543 | D        | Noticed an orc warrior
  1577 | D        | Killed an orc knight
  1577 | D        | Reached skill level 10 in Conjurations
  1577 | D        | Reached skill level 5 in Air Magic
  1581 | D        | Killed an orc warrior
  1651 | D        | Killed an orc warrior
  1707 | D        | Found Ehyo's Distillery.
  1707 | D        | Noticed a two-headed ogre
  1707 | D        | Noticed a two-headed ogre
  1707 | D        | Noticed an ogre mage
  1707 | D        | Noticed an ogre
  1707 | D        | Noticed an ogre
  1707 | D        | Noticed a two-headed ogre
  1709 | D        | Killed a two-headed ogre
  1709 | D        | Killed a two-headed ogre
  1709 | D        | Offered knowledge of Delayed Fireball by Vehumet.
  1709 | D        | Killed an ogre
  1711 | D        | Noticed a two-headed ogre
  1711 | D        | Found Koymaleu's Armour Shoppe.
  1712 | D        | Killed a two-headed ogre
  1712 | D        | Killed an ogre mage
  1713 | D        | Killed an ogre
  1713 | D        | Killed a two-headed ogre
  1719 | D        | Noticed an ogre mage
  1723 | D        | Killed an ogre mage
  1727 | D        | Noticed a two-headed ogre
  1729 | D        | Killed a two-headed ogre
  1732 | D        | Noticed a two-headed ogre
  1734 | D        | Killed a two-headed ogre
  1754 | D        | Noticed a two-headed ogre
  1757 | D        | Killed a two-headed ogre
  1761 | D        | Noticed an ogre mage
  1768 | D        | Killed an ogre mage
  1778 | D        | Noticed an ogre mage
  1786 | D        | Killed an ogre mage
  1828 | D        | Found Shudir's General Store.
  1834 | D        | Found Klyo's Armour Shoppe.
  1848 | D        | Bought a +2 ring mail of poison resistance for 216 gold pieces
  1854 | D        | Bought a potion of curing for 30 gold pieces
  1854 | D        | Bought a potion of berserk rage for 50 gold pieces
  1854 | D        | Bought a potion of haste for 100 gold pieces
  1854 | D        | Bought a potion of invisibility for 80 gold pieces
  1854 | D        | Bought a potion of curing for 30 gold pieces
  1854 | D        | Bought a potion of degeneration for 10 gold pieces
  1854 | D        | Bought 2 potions of might for 80 gold pieces
  1854 | D        | Bought a potion of lignification for 30 gold pieces
  1854 | D        | Bought a potion of curing for 30 gold pieces
  1854 | D        | Bought a potion of resistance for 100 gold pieces
  1858 | D        | Bought a +0 robe of resistance for 304 gold pieces
  1860 | D        | Bought a potion of might for 40 gold pieces
  1860 | D        | Bought a potion of brilliance for 40 gold pieces
  1862 | D        | Bought a +3 ring mail of fire resistance for 312 gold pieces
  1862 | D        | Bought a +0 ring mail of positive energy for 96 gold pieces
  1908 | D        | Noticed Urug
  1923 | D        | Killed Urug
  1923 | D        | Offered knowledge of Freezing Cloud by Vehumet.
  1931 | D        | Learned a level 6 spell: Freezing Cloud
  2118 | D        | Noticed a slime creature
  2118 | D        | Noticed a shadow
  2118 | D        | Noticed a hill giant
  2118 | D        | Noticed a yaktaur
  2118 | D        | Noticed an ice beast
  2118 | D        | Noticed a centaur warrior
  2121 | D        | Killed a yaktaur
  2121 | D        | Reached skill level 1 in Throwing
  2121 | D        | Reached skill level 10 in Stealth
  2121 | D        | Killed a slime creature
  2122 | D        | Killed a shadow
  2124 | D        | Killed a hill giant
  2124 | D        | Reached XP level 12. HP: 34/59 MP: 24/40
  2124 | D        | Killed an ogre mage
  2125 | D        | Killed an ice beast
  2125 | D        | Killed a centaur warrior
  2125 | D        | Reached skill level 5 in Throwing
  2125 | D        | Killed a purple ugly thing
  2125 | D        | Offered knowledge of Iron Shot by Vehumet.
  2129 | D        | Noticed a stone giant
  2130 | D        | Killed a stone giant
  2132 | D        | Noticed a deep elf conjurer
  2134 | D        | Noticed an ogre mage
  2134 | D        | Killed a deep elf conjurer
  2156 | D        | Killed an ogre mage
  2183 | D        | Noticed a green ugly thing
  2189 | D        | Killed a green ugly thing
  2227 | D        | Noticed a death yak
  2231 | D        | Killed a death yak
  2242 | D        | Noticed a deep elf knight
  2245 | D        | Killed a deep elf knight
  2245 | D        | Reached skill level 15 in Dodging
  2321 | D        | Learned a level 6 spell: Iron Shot
  2347 | D        | Noticed Maurice
  2357 | D        | Killed Maurice
  2382 | D        | Noticed Mennas
  2431 | D        | Slain by Mennas

Action                   |  1- 3 |  4- 6 |  7- 9 | 10-12 || total
-------------------------+-------+-------+-------+-------++-------
Melee: Whip              |     9 |       |       |       ||     9
 Fire: Longbow           |       |       |       |     3 ||     3
 Cast: Flame Tongue      |    14 |     9 |    27 |    31 ||    81
       Conjure Flame     |       |     1 |     3 |     9 ||    13
       Throw Flame       |       |       |     2 |     4 ||     6
       Sticky Flame      |       |       |     1 |     5 ||     6
       Fireball          |       |       |    12 |     7 ||    19
       Inner Flame       |       |       |     6 |     2 ||     8
       Lightning Bolt    |       |       |     1 |    25 ||    26
       Iskenderun's Batt |       |       |       |     7 ||     7
       Dazzling Spray    |       |       |       |    22 ||    22
       Iskenderun's Myst |       |       |       |     9 ||     9
       Poisonous Cloud   |       |       |       |     3 ||     3
       Freezing Cloud    |       |       |       |     5 ||     5
       Iron Shot         |       |       |       |     3 ||     3
Evoke: Wand              |       |     3 |       |       ||     3
       Staff of energy   |       |       |     2 |    76 ||    78
  Use: Potion            |     4 |       |       |     5 ||     9
       Scroll            |       |       |     1 |       ||     1
 Stab: Sleeping          |     1 |       |       |       ||     1
  Eat: Chunk             |       |       |     2 |     8 ||    10
